Map: Pillars of Gold LE

Players

ViBE - Winner!

  • Race: Terran Terran
  • League: Silver
  • Spawn Location: 7:00

ialeksandr

  • Race: Terran Terran
  • Spawn Location: 1:00

VOD

Have the link to the VOD?

Description

Time

  • Played on: March 19, 2021, 8:50 p.m.
  • Length: 24:29
Show
View Real Time Build Order
Export as new Build Order

ViBE Terran - Winner!

Build Orders:  

Get SALT Encoding   

  12  0:01  SCV  
  13  0:13  SCV  
  14  0:18  Supply Depot  
  14  0:25  SCV  
  15  0:40  SCV  
  15  0:41  Barracks  
  16  0:47  Refinery  
  16  0:52  SCV  
  17  1:04  SCV  
  18  1:16  SCV  
  19  1:30  Orbital Command  
  19  1:40  Command Center  
  19  1:52  Marine, Supply Depot  
  20  1:56  SCV  
  21  2:09  SCV  
  21  2:13  Marine  
  23  2:21  SCV  
  24  2:24  Factory  
  24  2:33  SCV  
  25  2:40  Bunker  
  25  2:42  Barracks Reactor  
  25  2:45  SCV  
  26  2:57  SCV  
  27  2:58  Orbital Command  
  27  3:04  Refinery  
  27  3:09  Barracks, Factory Tech Lab, SCV  
  28  3:19  Marine x2  
  30  3:21  SCV  
  30  3:25  SCV  
  32  3:30  Supply Depot  
  32  3:31  Siege Tank  
  32  3:33  SCV  
  36  3:37  Marine x2, SCV  
  39  3:45  SCV  
  40  3:49  SCV  
  41  3:56  Supply Depot  
  41  3:57  SCV  
  41  3:58  Starport  
  41  3:59  Barracks Tech Lab  
  41  4:02  SCV  
  44  4:10  SCV  
  44  4:14  SCV  
  45  4:17  Marine x3  
  45  4:19  Siege Tank  
  45  4:22  Supply Depot, SCV  
  52  4:26  SCV  
  53  4:34  SCV  
  53  4:38  SCV  
  54  4:46  SCV  
  54  4:50  SCV  
  55  4:54  Supply Depot  
  55  4:58  SCV  
  56  5:00  Starport Reactor  
  56  5:02  SCV  
  56  5:03  Marine, Stimpack  
  56  5:04  Command Center, Marine x2  
  56  5:05  Siege Tank  
  63  5:10  SCV  
  63  5:13  Refinery x2  
  64  5:14  SCV  
  64  5:18  Engineering Bay x2  
  64  5:20  Supply Depot  
  65  5:22  SCV  
  65  5:23  Marine x2  
  65  5:24  Marine  
  65  5:26  SCV  
  70  5:34  SCV  
  71  5:38  SCV  
  71  5:42  Marine x2  
  73  5:43  Marine, Medivac  
  73  5:44  Medivac  
  73  5:46  SCV  
  80  5:50  SCV  
  80  5:52  Supply Depot x3  
  80  5:56  Terran Infantry Weapons Level 1, Terran Infantry Armor Level 1  
  81  5:58  SCV  
  81  6:00  Marine  
  81  6:01  Marine x2  
  81  6:03  SCV  
  86  6:06  Supply Depot  
  86  6:13  SCV  
  87  6:26  SCV x2  
  89  6:35  Marine x3  
  89  6:38  SCV, Medivac x2  
  89  6:39  Orbital Command  
  97  6:43  Barracks  
  97  6:45  Barracks  
  97  6:46  Barracks  
  97  6:51  SCV x2  
  97  6:53  Marine x3  
  102  7:03  SCV x2  
  102  7:04  SCV  
  102  7:08  Orbital Command  
  105  7:09  Armory  
  106  7:15  Combat Shield, SCV  
  106  7:27  Command Center  
  106  7:29  SCV x2  
  103  7:41  SCV x2  
  105  7:45  Missile Turret  
  105  7:50  Missile Turret  
  105  7:51  Missile Turret  
  105  7:55  Missile Turret  
  105  7:56  Missile Turret  
  105  8:00  Barracks Reactor x3  
  105  8:01  Marine x3  
  105  8:02  Medivac x2  
  105  8:03  SCV x3  
  110  8:13  Terran Infantry Weapons Level 2, Terran Infantry Armor Level 2  
  110  8:15  Terran Vehicle Weapons Level 1, SCV x3  
  113  8:26  Marine x3, Refinery  
  116  8:27  Refinery, SCV x2  
  116  8:28  SCV  
  118  8:36  Marine  
  118  8:37  Marine x5  
  118  8:39  SCV  
  118  8:40  SCV x2  
  120  8:44  Command Center, Marine x3  
  121  8:54  Marine  
  121  8:55  Marine  
  123  9:11  Marine x7  
  123  9:12  Marine x2  
  123  9:13  Siege Tank  
  135  9:17  Medivac x2  
  135  9:19  Planetary Fortress  
  135  9:22  SCV x3  
  142  9:28  Marine  
  142  9:29  Marine  
  143  9:32  Marine  
  143  9:34  SCV x3  
  142  9:46  SCV x3  
  142  9:48  Marine x2  
  142  9:49  Marine x6  
  142  9:50  Marine, Medivac x2  
  148  9:58  SCV x3  
  150  10:06  Marine x8  
  158  10:07  SCV x2  
  158  10:08  Marine  
  158  10:10  SCV x2  
  158  10:13  Missile Turret  
  163  10:25  Marine  
  163  10:27  SCV  
  163  10:28  Marine  
  163  10:29  SCV  
  163  10:31  Marine  
  163  10:33  SCV x2  
  162  10:36  Marine  
  162  10:37  Marine x2  
  162  10:38  Marine  
  162  10:41  Marine  
  163  10:43  SCV x2  
  163  10:44  Barracks  
  163  10:45  Barracks, SCV x2  
  163  10:47  Barracks x2  
  165  10:50  Command Center  
  165  10:51  Barracks  
  165  10:52  Barracks  
  165  10:55  SCV x2  
  167  10:57  SCV x2  
  167  11:02  Marine x3  
  171  11:07  SCV x2  
  171  11:09  Planetary Fortress, SCV x2  
  175  11:15  Marine x3  
  175  11:16  Marine x3  
  175  11:17  Medivac x2  
  185  11:19  SCV x2  
  185  11:23  Missile Turret  
  187  11:35  Factory  
  187  11:37  Starport  
  187  11:38  Barracks  
  187  11:40  Barracks  
  187  11:42  Barracks  
  187  11:43  Barracks Tech Lab x4  
  187  11:44  Barracks x2  
  187  11:45  Barracks Reactor, Barracks  
  187  11:46  Barracks Reactor  
  187  12:02  Marine x4  
  187  12:04  Terran Infantry Weapons Level 3, Terran Infantry Armor Level 3, Terran Vehicle Weapons Level 2  
  184  12:16  Missile Turret  
  184  12:21  Planetary Fortress  
  173  12:23  Missile Turret  
  173  12:24  Starport Reactor  
  173  12:25  Missile Turret, Factory Reactor  
  173  12:27  Barracks Reactor x2  
  173  12:28  Barracks Reactor  
  163  12:31  Barracks Reactor x2  
  163  12:32  Barracks Reactor  
  163  12:36  Marauder  
  160  12:37  Marauder x4, Marine x3  
  160  12:38  Marine x9  
  160  12:40  Hellbat  
  160  12:43  Medivac x2  
  179  12:46  Infernal Pre-Igniter  
  179  12:55  Marine  
  179  12:58  Marauder x4  
  188  13:01  Hellbat  
  190  13:07  Command Center  
  190  13:09  Missile Turret  
  189  13:24  SCV x6  
  194  13:33  Missile Turret  
  194  13:36  Marine x6, SCV  
  170  13:51  Marine x12  
  170  13:53  Marauder  
  170  13:54  Marauder x4  
  170  13:55  Hellbat x3, Medivac x2  
  189  13:56  Medivac x2  
  189  13:58  SCV x6  
  192  14:05  Smart Servos  
  186  14:10  SCV x6  
  186  14:15  Marauder x3  
  196  14:22  SCV x2  
  188  14:26  Planetary Fortress  
  188  14:28  Missile Turret  
  180  14:34  Marauder, Marine  
  180  14:35  Marauder, Marine x18  
  186  14:56  Marauder x2  
  182  15:04  Marine x15  
  182  15:05  Marine x12  
  196  15:07  Command Center  
  196  15:08  Neosteel Armor  
  196  15:09  Hi-Sec Auto Tracking  
  196  15:10  Terran Vehicle Weapons Level 3  
  196  15:12  Medivac  
  196  15:13  Medivac x3  
  190  15:14  Thor  
  190  15:16  Marine  
  190  15:17  Marine  
  195  15:22  Marine x5  
  195  15:25  SCV  
  200  15:30  SCV x3  
  200  15:32  SCV x3  
  197  15:37  SCV  
  197  15:41  Missile Turret  
  197  15:42  SCV  
  189  15:46  SCV  
  189  15:47  SCV  
  177  15:57  Marauder, Marine x5  
  177  15:58  Marauder x4, Marine x8  
  179  16:19  Marauder  
  179  16:20  Missile Turret  
  177  16:27  Marauder x4, Marine x2  
  177  16:28  Marine x9  
  177  16:29  Marine x4  
  200  16:34  Planetary Fortress  
  184  16:48  Marauder x4  
  184  16:52  Marine x14  
  184  16:53  Marine  
  200  16:57  Refinery  
  200  17:07  Medivac  
  200  17:08  Medivac x2  
  198  17:59  Terran Vehicle And Ship Armor Level 1  
  198  18:18  Marauder x5, Marine x14  
  198  18:19  Marine x10  
  197  18:20  Medivac  
  197  18:24  Medivac  
  199  18:36  Marine  
  192  19:09  Marine x10  
  194  19:10  Marine  
  194  19:13  SCV x3  
  194  19:14  SCV  
  199  19:22  SCV x2  
  199  19:23  SCV  
  198  19:31  Marine  
  198  19:32  Marine  
  198  19:40  Missile Turret  
  195  19:46  Marine x5  
  195  19:47  SCV  
  195  19:50  SCV  
  197  20:19  Viking  
  187  20:52  Viking  
  187  20:53  Viking x2  
  193  21:45  Command Center  
  193  22:30  Sensor Tower  
  193  22:36  Sensor Tower  
  193  22:40  Sensor Tower  
  193  22:46  Sensor Tower  
  193  22:47  Sensor Tower  
  193  22:49  Sensor Tower  
  193  22:50  Sensor Tower  
  193  22:51  Sensor Tower  
  193  22:54  Sensor Tower  
  193  22:58  Sensor Tower  
  193  23:00  Sensor Tower  
  193  23:02  Sensor Tower  
  193  23:05  Sensor Tower  
  193  23:09  Sensor Tower  
  193  23:10  Sensor Tower  
  193  23:17  Sensor Tower  
  193  23:23  Sensor Tower  
Show
View Real Time Build Order
Export as new Build Order

ialeksandr Terran 

Build Orders:  

Get SALT Encoding   

  12  0:00  SCV  
  13  0:18  Supply Depot  
  13  0:19  SCV  
  14  0:31  SCV  
  15  0:42  Barracks  
  15  0:44  SCV  
  16  0:50  Refinery  
  16  0:58  SCV  
  16  1:00  Supply Depot  
  17  1:10  SCV  
  18  1:11  Refinery  
  18  1:22  SCV  
  19  1:31  Marine  
  20  1:35  SCV  
  21  1:47  SCV  
  22  1:49  Marine  
  23  1:59  Factory  
  23  2:00  SCV  
  24  2:07  Marine  
  25  2:12  SCV  
  26  2:21  Engineering Bay  
  26  2:25  Marine  
  26  2:43  Marine  
  27  2:47  Supply Depot  
  27  2:52  Factory Reactor  
  27  2:55  SCV  
  28  3:00  Marine  
  29  3:10  SCV  
  30  3:17  Command Center  
  30  3:22  SCV  
  31  3:28  Bunker  
  31  3:29  Widow Mine x2  
  35  3:46  SCV  
  36  3:48  Supply Depot  
  36  3:51  Widow Mine  
  36  3:54  Refinery  
  38  4:10  Widow Mine  
  38  4:11  Supply Depot  
  40  4:25  Widow Mine  
  42  4:32  Widow Mine  
  44  4:47  Widow Mine  
  46  4:53  Widow Mine  
  44  5:08  Widow Mine  
  44  5:14  Factory, Widow Mine  
  44  5:17  SCV  
  44  5:18  SCV  
  48  5:29  Widow Mine, Refinery, SCV  
  48  5:30  SCV  
  48  5:33  Supply Depot  
  52  5:36  Widow Mine  
  52  5:41  SCV  
  52  5:42  SCV  
  56  5:43  Starport  
  56  5:51  Widow Mine  
  56  5:54  SCV  
  59  5:57  Widow Mine, Factory Tech Lab  
  61  6:05  Engineering Bay  
  61  6:08  Marine  
  61  6:09  SCV  
  63  6:20  Starport Reactor  
  63  6:21  Armory, SCV  
  64  6:26  Marine  
  64  6:30  SCV  
  66  6:33  Supply Depot  
  66  6:34  Missile Turret  
  66  6:37  SCV  
  67  6:49  SCV  
  68  6:56  Medivac  
  70  7:02  Widow Mine  
  70  7:03  Widow Mine  
  70  7:06  SCV  
  75  7:08  Command Center  
  75  7:11  Drilling Claws  
  75  7:13  Widow Mine  
  77  7:19  Marine  
  75  7:37  Marine  
  72  7:46  Viking  
  74  7:54  Marine  
  73  8:12  Marine  
  68  8:30  Marine  
  63  8:55  Refinery x2  
  63  9:01  SCV  
  64  9:03  SCV  
  64  9:05  Viking x2  
  64  9:09  Command Center  
  69  9:11  Neosteel Armor  
  69  9:13  SCV  
  69  9:15  SCV  
  71  9:25  SCV  
  71  9:27  SCV  
  73  9:37  Command Center, SCV  
  66  9:49  SCV  
  55  10:01  SCV  
  55  10:02  SCV  
  57  10:13  SCV  
  57  10:14  Starport, Refinery, SCV  
  58  10:16  Starport  
  58  10:17  Refinery  
  58  10:23  Refinery  
  58  10:26  SCV  
  58  10:31  Planetary Fortress  
  58  10:49  Viking x2  
  62  10:54  Armory  
  62  10:57  Starport Tech Lab  
  62  10:59  Armory  
  62  11:03  Fusion Core, Starport Tech Lab  
  58  11:06  Planetary Fortress  
  58  11:08  SCV  
  59  11:13  Refinery  
  59  11:18  Viking  
  59  11:19  Viking  
  59  11:20  SCV  
  59  11:22  Factory Reactor  
  59  11:24  SCV  
  65  11:27  Cloaking Field  
  65  11:28  Factory Reactor  
  65  11:29  Banshee x2  
  65  11:32  SCV  
  72  11:36  SCV  
  73  11:40  Refinery  
  73  11:43  Missile Turret  
  73  11:44  SCV  
  74  11:47  Missile Turret  
  74  11:56  Terran Ship Weapons Level 1, Terran Vehicle And Ship Armor Level 1  
  74  11:57  SCV  
  75  12:04  Missile Turret  
  75  12:08  Missile Turret  
  75  12:12  Banshee x2  
  73  12:26  Command Center  
  63  12:46  Viking x2  
  63  12:50  Widow Mine x4  
  74  12:54  Banshee  
  74  12:55  Banshee  
  80  12:58  Bunker  
  80  13:05  SCV  
  81  13:11  Widow Mine x2  
  85  13:17  SCV  
  86  13:29  SCV  
  86  13:31  Bunker  
  87  13:37  Banshee  
  87  13:38  Battlecruiser  
  87  13:40  Command Center  
  96  13:41  SCV  
  84  14:07  Widow Mine x3  
  84  14:08  Widow Mine  
  91  14:10  Marine  
  84  14:28  Widow Mine, Marine  
  84  14:29  Widow Mine x3, Banshee  
  79  14:42  Banshee  
  68  14:46  Marine  
  68  14:50  Widow Mine  
  74  15:00  Widow Mine x3  
  74  15:02  SCV  
  74  15:04  Marine  
  73  15:12  Banshee  
  74  15:22  Marine  
  71  15:46  SCV  
  71  15:50  Refinery  
  62  15:58  SCV  
  62  16:02  Banshee  
  63  16:10  SCV  
  64  16:36  SCV  
  63  16:45  Banshee  
  66  16:48  SCV  
  49  17:16  SCV  
  49  17:18  Widow Mine  
  52  17:27  Banshee  
  52  17:28  SCV  
  33  18:52  SCV  
  34  19:04  SCV  
Tags
 
League
Silver
Matchup
TvT
Player
ViBE
Race
Terran
Spawn Locations
Cross Positions
Add a new tag
Caveats
  • Supply blocks, unpowered buildings, or Contaminate may cause inaccurate times.
  • Supply counts are checked every 10 seconds.